| TOP OF THE 1ST |
|
West Virginia Black Bears batting - Pitching for State College Spikes : LHP Tom White
|
|
Pitching: LHP Tom White
|
|
|
Batting: RHB Ryan LeSueur
|
0-0: Called Strike 0-1: Ball 1-1: Ball 2-1: Swinging Strike 2-2: Foul Ball, location: 2F 2-2: Strikes out swinging
|
|
Batting: SHB Rob Haney
|
0-0: Foul Ball, location: 2F 0-1: Swinging Strike 0-2: Ball 1-2: Strikes out swinging
|
|
Batting: RHB Randy Bergman
|
0-0: Foul Ball, location: 2F 0-1: Ball 1-1: Swinging Strike 1-2: Ball 2-2: Ball 3-2: Strikes out looking
|
| Top of the 1st over - 0 runs, 0 hits, 0 errors, 0 left on base; West Virginia 0 - State College 0 |
| BOTTOM OF THE 1ST |
|
State College Spikes batting - Pitching for West Virginia Black Bears : LHP Francisco Mendoza
|
|
Pitching: LHP Francisco Mendoza
|
|
|
Batting: LHB Mike East
|
0-0: Ball 1-0: Ground out 4-3 (Groundball, 4S, EV 81.9 MPH)
|
|
Batting: LHB Ignacio Ocampo
|
0-0: Ball 1-0: Ball 2-0: Ground out U3 (Groundball, 3S, EV 81.2 MPH)
|
|
Batting: RHB Pablo Nunez
|
0-0: Fly out, F9 (Flyball, 9LSF, EV 71.2 MPH)
|
| Bottom of the 1st over - 0 runs, 0 hits, 0 errors, 0 left on base; West Virginia 0 - State College 0 |
| TOP OF THE 2ND |
|
West Virginia Black Bears batting - Pitching for State College Spikes : LHP Tom White
|
|
Batting: LHB Dave Cook
|
0-0: Ball 1-0: Ground out U3 (Groundball, 34, EV 86.2 MPH)
|
|
Batting: RHB Mike Weeks
|
0-0: Swinging Strike 0-1: Swinging Strike 0-2: Strikes out swinging
|
|
Batting: SHB Jiong Qi
|
0-0: Called Strike 0-1: Foul Ball, location: 2F 0-2: Ball 1-2: Strikes out swinging
|
| Top of the 2nd over - 0 runs, 0 hits, 0 errors, 0 left on base; West Virginia 0 - State College 0 |
| BOTTOM OF THE 2ND |
|
State College Spikes batting - Pitching for West Virginia Black Bears : LHP Francisco Mendoza
|
|
Batting: RHB Jose Jimenez
|
0-0: Hit by Pitch
|
|
Batting: SHB Justin Houser
|
0-0: Fly out, F8 (Flyball, 8LS, EV 80.6 MPH)
|
|
Batting: RHB Johnny Lowe
|
0-0: Ball Jose Jimenez steals 2nd base 1-0: Ground out 5-3 (Groundball, 56S, EV 68.1 MPH) Jose Jimenez to third
|
|
Batting: RHB Richard Riggs
|
0-0: Called Strike 0-1: Ball 1-1: DOUBLE (Line Drive, 78D, EV 101.9 MPH) Jose Jimenez scores
|
|
Batting: RHB Tim Cleary
|
0-0: Ball 1-0: Called Strike 1-1: Foul Ball, location: 2F 1-2: Ball 2-2: Foul Ball, location: 2F 2-2: Ground out 2-3 (Groundball, 13S, EV 66.2 MPH)
|
| Bottom of the 2nd over - 1 run, 1 hit, 0 errors, 1 left on base; West Virginia 0 - State College 1 |
| TOP OF THE 3RD |
|
West Virginia Black Bears batting - Pitching for State College Spikes : LHP Tom White
|
|
Batting: RHB Ryan Thurston
|
0-0: Ball 1-0: Ball 2-0: Ball 3-0: Base on Balls
|
|
Batting: RHB Joe Stepnowski
|
0-0: Foul Ball, location: 2F 0-1: Ball 1-1: Called Strike 1-2: Ball 2-2: Fly out, F9 (Flyball, 89S, EV 89.4 MPH)
|
|
Batting: RHB Zachery Loomis
|
0-0: Called Strike Ryan Thurston steals 2nd base 0-1: Ball 1-1: Ground out 6-3 (Groundball, 6, EV 91.2 MPH)
|
|
Batting: RHB Ryan LeSueur
|
0-0: Ball Passed Ball! Ryan Thurston to third 1-0: Called Strike 1-1: Called Strike 1-2: Strikes out swinging
|
| Top of the 3rd over - 0 runs, 0 hits, 0 errors, 1 left on base; West Virginia 0 - State College 1 |
| BOTTOM OF THE 3RD |
|
State College Spikes batting - Pitching for West Virginia Black Bears : LHP Francisco Mendoza
|
|
Batting: RHB Ben Politi
|
0-0: Swinging Strike 0-1: Called Strike 0-2: Ball 1-2: Strikes out looking
|
|
Batting: LHB Mike East
|
0-0: SINGLE (Groundball, 4MS, EV 75.6 MPH) (infield hit)
|
|
Batting: LHB Ignacio Ocampo
|
0-0: Ball 1-0: Foul Ball, location: 2F 1-1: Ball 2-1: Ball 3-1: Foul Ball, location: 2F 3-2: Base on Balls Mike East to second
|
|
Batting: RHB Pablo Nunez
|
0-0: Foul Ball, location: 2F 0-1: Ball 1-1: Ball 2-1: Foul Ball, location: 2F 2-2: Ball 3-2: Foul Ball, location: 2F 3-2: Base on Balls Mike East to third Ignacio Ocampo to second
|
|
Batting: RHB Jose Jimenez
|
0-0: Ball 1-0: Fielders Choice at 2nd, 6-4 (Groundball, 56, EV 108.8 MPH) Mike East scores Ignacio Ocampo to third
|
|
Batting: SHB Justin Houser
|
Balk! Ignacio Ocampo scores Jose Jimenez to second 0-0: Ground out 6-3 (Groundball, 6, EV 106.9 MPH)
|
| Bottom of the 3rd over - 2 runs, 1 hit, 0 errors, 1 left on base; West Virginia 0 - State College 3 |
| TOP OF THE 4TH |
|
West Virginia Black Bears batting - Pitching for State College Spikes : LHP Tom White
|
|
Batting: SHB Rob Haney
|
0-0: SINGLE (Groundball, 6MD, EV 102.5 MPH)
|
|
Batting: RHB Randy Bergman
|
0-0: Ball Rob Haney steals 2nd, throwing error, E2 Rob Haney to third 1-0: Ball 2-0: Foul Ball, location: 2F 2-1: Swinging Strike 2-2: Ball Wild Pitch! Rob Haney scores 3-2: Foul Ball, location: 2F 3-2: DOUBLE (Line Drive, 9LM, EV 111.2 MPH)
|
|
Batting: LHB Dave Cook
|
0-0: Ball 1-0: Called Strike 1-1: Foul Ball, location: 2F 1-2: Foul Ball, location: 2F 1-2: Strikes out looking
|
|
Batting: RHB Mike Weeks
|
0-0: Ball 1-0: Ball Randy Bergman steals 3rd, throwing error, E2 Randy Bergman scores 2-0: Called Strike 2-1: Swinging Strike 2-2: Ball 3-2: Foul Ball, location: 2F 3-2: Base on Balls
|
|
Batting: SHB Jiong Qi
|
0-0: Ball 1-0: Called Strike 1-1: Ball Mike Weeks steals 2nd, throwing error, E2 Mike Weeks to third 2-1: Ball Wild Pitch! Mike Weeks scores 3-1: Fly out, F9 (Line Drive, 9, EV 85.6 MPH)
|
|
Batting: RHB Ryan Thurston
|
0-0: Fly out, F8 (Flyball, 8LD, EV 95.0 MPH)
|
| Top of the 4th over - 3 runs, 2 hits, 3 errors, 0 left on base; West Virginia 3 - State College 3 |
| BOTTOM OF THE 4TH |
|
State College Spikes batting - Pitching for West Virginia Black Bears : LHP Francisco Mendoza
|
|
Batting: RHB Johnny Lowe
|
0-0: Ball 1-0: Ball 2-0: Swinging Strike 2-1: Ground out 4-3 (Groundball, 4MD, EV 91.2 MPH)
|
|
Batting: RHB Richard Riggs
|
0-0: Swinging Strike 0-1: SINGLE (Line Drive, 6M, EV 97.5 MPH)
|
|
Batting: RHB Tim Cleary
|
0-0: Ball 1-0: Grounds into double play, 6-4-3 (Groundball, 6, EV 87.5 MPH)
|
| Bottom of the 4th over - 0 runs, 1 hit, 0 errors, 0 left on base; West Virginia 3 - State College 3 |
| TOP OF THE 5TH |
|
West Virginia Black Bears batting - Pitching for State College Spikes : LHP Tom White
|
|
Batting: RHB Joe Stepnowski
|
0-0: Called Strike 0-1: Ball 1-1: Foul Ball, location: 2F 1-2: Strikes out swinging, 2-3 out at first.
|
|
Batting: RHB Zachery Loomis
|
0-0: Swinging Strike 0-1: Foul Ball, location: 2F 0-2: Strikes out swinging
|
|
Batting: RHB Ryan LeSueur
|
0-0: Ball 1-0: Swinging Strike 1-1: Ground out 5-3 (Groundball, 5, EV 76.2 MPH)
|
| Top of the 5th over - 0 runs, 0 hits, 0 errors, 0 left on base; West Virginia 3 - State College 3 |
| BOTTOM OF THE 5TH |
|
State College Spikes batting - Pitching for West Virginia Black Bears : LHP Francisco Mendoza
|
|
Batting: RHB Ben Politi
|
0-0: Ground out 5-3 (Groundball, 5S, EV 70.0 MPH)
|
|
Batting: LHB Mike East
|
0-0: Foul Ball, location: 2F 0-1: Called Strike 0-2: Strikes out looking
|
|
Batting: LHB Ignacio Ocampo
|
0-0: Ball 1-0: Called Strike 1-1: Ball 2-1: SINGLE (Groundball, 25, EV 71.2 MPH) (infield hit)
|
|
Batting: RHB Pablo Nunez
|
0-0: Called Strike 0-1: Fly out, F7 (Flyball, 7, EV 93.1 MPH)
|
| Bottom of the 5th over - 0 runs, 1 hit, 0 errors, 1 left on base; West Virginia 3 - State College 3 |
| TOP OF THE 6TH |
|
West Virginia Black Bears batting - Pitching for State College Spikes : LHP Tom White
|
|
Batting: SHB Rob Haney
|
0-0: Called Strike 0-1: Foul Ball, location: 2F 0-2: Strikes out swinging
|
|
Batting: RHB Randy Bergman
|
0-0: Ball 1-0: Ball 2-0: Foul Ball, location: 2F 2-1: SINGLE (Flyball, 6MD, EV 92.5 MPH)
|
|
Batting: LHB Dave Cook
|
0-0: Called Strike 0-1: Ball 1-1: Called Strike 1-2: Foul Ball, location: 2F 1-2: Foul Ball, location: 2F 1-2: Fly out, F7 (Flyball, 7S, EV 89.4 MPH)
|
|
Batting: RHB Mike Weeks
|
0-0: Called Strike Randy Bergman steals 2nd base 0-1: Ball 1-1: Foul Ball, location: 2F 1-2: Strikes out swinging
|
| Top of the 6th over - 0 runs, 1 hit, 0 errors, 1 left on base; West Virginia 3 - State College 3 |
| BOTTOM OF THE 6TH |
|
State College Spikes batting - Pitching for West Virginia Black Bears : LHP Francisco Mendoza
|
|
Batting: RHB Jose Jimenez
|
0-0: Foul Ball, location: 2F 0-1: Ball 1-1: Ball 2-1: Ball 3-1: Base on Balls
|
|
Batting: SHB Justin Houser
|
0-0: Reached on error, E5 (Groundball, 15, EV 80.6 MPH) Jose Jimenez to second
|
|
Batting: RHB Johnny Lowe
|
0-0: Ball 1-0: Ball 2-0: Called Strike 2-1: Fielders Choice at 2nd, 6-4 (Groundball, 56, EV 79.4 MPH) Jose Jimenez to third
|
|
Batting: RHB Richard Riggs
|
0-0: SINGLE (Flyball, 9, EV 85.6 MPH) Jose Jimenez scores Johnny Lowe to second
|
|
Batting: RHB Tim Cleary
|
0-0: Ball 1-0: Ball 2-0: Foul Ball, location: 2F 2-1: Foul Ball, location: 2F 2-2: Ball 3-2: Foul Ball, location: 2F 3-2: Foul Ball, location: 2F 3-2: Foul Ball, location: 2F 3-2: Grounds into double play, 4-6-3 (Groundball, 4, EV 89.4 MPH)
|
| Bottom of the 6th over - 1 run, 1 hit, 1 error, 1 left on base; West Virginia 3 - State College 4 |
| TOP OF THE 7TH |
|
West Virginia Black Bears batting - Pitching for State College Spikes : LHP Tom White
|
|
Batting: SHB Jiong Qi
|
0-0: Called Strike 0-1: Called Strike 0-2: Ball 1-2: Strikes out swinging
|
|
Pitching: LHP Ken Compton
|
|
|
Batting: RHB Ryan Thurston
|
0-0: Fly out, F6 (Line Drive, 6M, EV 65.6 MPH)
|
|
Batting: RHB Joe Stepnowski
|
0-0: Foul Ball, location: 2F 0-1: Ball 1-1: Ball 2-1: Ground out 6-3 (Groundball, 6, EV 90.6 MPH)
|
| Top of the 7th over - 0 runs, 0 hits, 0 errors, 0 left on base; West Virginia 3 - State College 4 |
| BOTTOM OF THE 7TH |
|
State College Spikes batting - Pitching for West Virginia Black Bears : LHP Francisco Mendoza
|
|
Pitching: LHP Juan Hernandez
|
|
|
Batting: RHB Ben Politi
|
0-0: Ground out 6-3 (Groundball, 6, EV 91.9 MPH)
|
|
Batting: LHB Mike East
|
0-0: Called Strike 0-1: Ball 1-1: Ground out 4-3 (Groundball, 4, EV 88.8 MPH)
|
|
Batting: LHB Ignacio Ocampo
|
0-0: Ball 1-0: Fly out, F8 (Flyball, 8LXD, EV 86.9 MPH)
|
| Bottom of the 7th over - 0 runs, 0 hits, 0 errors, 0 left on base; West Virginia 3 - State College 4 |
| TOP OF THE 8TH |
|
West Virginia Black Bears batting - Pitching for State College Spikes : LHP Ken Compton
|
|
Pinch Hitting: RHB Matt Derrien
|
0-0: Ball 1-0: Called Strike 1-1: Ball 2-1: Swinging Strike 2-2: Strikes out swinging
|
|
Batting: RHB Ryan LeSueur
|
0-0: Foul Ball, location: 2F 0-1: Foul Ball, location: 2F 0-2: Strikes out looking
|
|
Batting: SHB Rob Haney
|
0-0: Foul Ball, location: 2F 0-1: Foul Ball, location: 2F 0-2: Ball 1-2: Ground out 4-3 (Groundball, 4, EV 90.6 MPH)
|
| Top of the 8th over - 0 runs, 0 hits, 0 errors, 0 left on base; West Virginia 3 - State College 4 |
| BOTTOM OF THE 8TH |
|
State College Spikes batting - Pitching for West Virginia Black Bears : LHP Juan Hernandez
|
|
Now at 3B: Erik Mulligan
|
|
|
Batting: RHB Pablo Nunez
|
0-0: Called Strike 0-1: Ball 1-1: Ball 2-1: Hit by Pitch
|
|
Batting: RHB Jose Jimenez
|
0-0: Ball 1-0: Ball 2-0: Foul Ball, location: 2F 2-1: Ball 3-1: Base on Balls Pablo Nunez to second
|
|
Batting: SHB Justin Houser
|
0-0: Ball 1-0: Ball 2-0: Swinging Strike 2-1: Foul Ball, location: 2F 2-2: Foul Ball, location: 2F 2-2: Ball 3-2: Strikes out swinging
|
|
Batting: RHB Johnny Lowe
|
0-0: Ball 1-0: Ball 2-0: Called Strike 2-1: Ball Wild Pitch! Pablo Nunez to third Jose Jimenez to second 3-1: Intentional Walk
|
|
Pitching: LHP Angel Juarez
|
|
|
Batting: RHB Richard Riggs
|
0-0: Ball 1-0: Ball 2-0: Fly out, F8 (Line Drive, 8LS, EV 105.6 MPH)
|
|
Batting: RHB Tim Cleary
|
0-0: Ball 1-0: Called Strike 1-1: SINGLE (Groundball, 56D, EV 95.0 MPH) Pablo Nunez scores Jose Jimenez to third Johnny Lowe to second Runner from 3rd tries for Home, SAFE, throw by LF to home
|
|
Batting: RHB Ben Politi
|
0-0: Foul Ball, location: 2F 0-1: Swinging Strike 0-2: Ball 1-2: Ground out U3 (Groundball, 3, EV 76.2 MPH)
|
| Bottom of the 8th over - 2 runs, 1 hit, 0 errors, 2 left on base; West Virginia 3 - State College 6 |
| TOP OF THE 9TH |
|
West Virginia Black Bears batting - Pitching for State College Spikes : LHP Ken Compton
|
|
Pitching: RHP Mike Cain
|
|
|
Batting: RHB Randy Bergman
|
0-0: Called Strike 0-1: DOUBLE (Line Drive, 89XD, EV 98.8 MPH)
|
|
Batting: LHB Dave Cook
|
0-0: Foul Ball, location: 2F 0-1: Called Strike 0-2: Ball 1-2: Strikes out swinging
|
|
Batting: RHB Mike Weeks
|
0-0: Ball Wild Pitch! Randy Bergman to third 1-0: Ball Passed Ball! Randy Bergman scores 2-0: Called Strike 2-1: Foul Ball, location: 2F 2-2: Ball 3-2: Foul Ball, location: 2F 3-2: Fly out, F8 (Flyball, 8LD, EV 91.2 MPH)
|
|
Batting: SHB Jiong Qi
|
0-0: Ball 1-0: Ground out 4-3 (Groundball, 4, EV 87.5 MPH)
|
| Top of the 9th over - 1 run, 1 hit, 0 errors, 0 left on base; West Virginia 4 - State College 6 |
|